 Dungeon Crawl Stone Soup version 0.30.1-9-gdf580d7c3d (webtiles) character file.

Game seed: 13742952983367136688

161871 safid the Impaler (level 17, -10/149 HPs)
             Began as a Merfolk Ice Elementalist on Oct 17, 2023.
             Was the Champion of Vehumet.
             Mangled by a vampire knight
             ... wielding a +1 glaive of venom
              (18 damage)
             ... on level 4 of the Swamp.
             The game lasted 01:19:19 (30961 turns).

safid the Impaler (Merfolk Ice Elementalist)       Turns: 30961, Time: 01:19:20

Health: -10/149    AC: 22    Str: 12    XL:     17   Next: 79%
Magic:  9/36       EV: 20    Int: 22    God:    Vehumet [******]
Gold:   664        SH:  0    Dex: 18    Spells: 8/36 levels left

rFire   + . .        o - +5 Lochaber axe {reach-cleave, Poleaxe Drain}
rCold   + + .        (shield currently unavailable)
rNeg    . . .        n - +1 robe of Thoughtfulness {rC++ Regen+}
rPois   +            t - +2 helmet
rElec   .            J - +0 cloak "Junwaf" {rPois MP+9 Dex+3}
rCorr   +            g - +1 Delatra's gloves {ID++}
SInv    +            L - +2 pair of boots of Wubbom {rCorr}
Will    +....        H - amulet of regeneration
Stlth   ++           M - ring of Duedofy {Fly rF+ Str+4}
HPRegen 2.04/turn    R - ring of the Hurting Hero {Wiz rCorr SInv}
MPRegen 0.25/turn

%: wizardry (x1)
@: ice-armoured, flying
A: (nimble swimmer 2), mertail, low MP 1
a: Renounce Religion


You were on level 4 of the Swamp.
You worshipped Vehumet.
Vehumet was exalted by your worship.
You visited 6 branches of the dungeon, and saw 29 of its levels.
You visited the Abyss 1 time.

You collected 2937 gold pieces.
You spent 2273 gold pieces at shops.

Inventory:

Hand Weapons
 o - the +5 Lochaber axe (weapon) {reach-cleave, Poleaxe Drain}
   (You found it on level 9 of the Dungeon)

   Poleaxe:   It uses either Axes or Polearms skill, whichever is higher.
   Drain:     It drains your maximum health when unequipped.
Missiles
 c - 2 throwing nets
 m - 8 curare-tipped darts (quivered)
Armour
 g - the +1 Delatra's gloves (worn) {ID++}
   (You found it on level 6 of the Dungeon)

   ID++:      It heals its wearer when they drink unknown potions, and restores
   their MP when they read unknown scrolls.
 n - the +1 robe of Thoughtfulness (worn) {rC++ Regen+}
   (You found it on level 2 of the Dungeon)

   rC:        It greatly protects you from cold.
   Regen:     It increases your rate of health regeneration.
 t - a +2 helmet (worn)
 J - the +0 cloak "Junwaf" (worn) {rPois MP+9 Dex+3}
   (You bought it in a shop on level 11 of the Dungeon)

   Dex:       It affects your dexterity (+3).
   rPois:     It protects you from poison.
   MP:        It affects your magic capacity (+9).
 L - the +2 pair of boots of Wubbom (worn) {rCorr}
   (You bought it in a shop on level 2 of the Orcish Mines)

   rCorr:     It protects you from acid and corrosion.
Jewellery
 D - the ring "Bevahar" {Contam rCorr Int+5 Dex+3}
   (You found it on level 5 of the Dungeon)

   [ring of resist corrosion]

   Int:       It affects your intelligence (+5).
   Dex:       It affects your dexterity (+3).
   Contam:    It causes magical contamination when unequipped.
   rCorr:     It protects you from acid and corrosion.
 G - a ring of protection from cold
 H - an amulet of regeneration (around neck)
 M - the ring of Duedofy (left hand) {Fly rF+ Str+4}
   (You bought it in a shop on level 2 of the Orcish Mines)

   [ring of flight]

   Str:       It affects your strength (+4).
   rF:        It protects you from fire.
   Fly:       It grants you flight.
 O - a ring of wizardry
 R - the ring of the Hurting Hero (right hand) {Wiz rCorr SInv}
   (You bought it in a shop on level 2 of the Elven Halls)

   [ring of wizardry]

   It improves your spell success rate.
   SInv:      It lets you see invisible.
   rCorr:     It protects you from acid and corrosion.
Wands
 p - a wand of paralysis (33)
 v - a wand of mindburst (13)
 E - a wand of polymorph (6)
 N - a wand of acid (10)
 Q - a wand of digging (8)
Scrolls
 a - 4 scrolls of blinking
 f - 3 scrolls of brand weapon
 j - 3 scrolls of magic mapping
 k - 5 scrolls of teleportation
 l - 5 scrolls of enchant weapon
 s - 3 scrolls of amnesia
 x - a scroll of silence
 y - 5 scrolls of fog
 B - 9 scrolls of fear
 I - a scroll of summoning
 K - 3 scrolls of enchant armour
Potions
 b - 3 potions of magic
 d - 7 potions of flight
 e - 2 potions of haste
 h - 4 potions of berserk rage
 i - 3 potions of might
 q - 4 potions of brilliance
 r - 11 potions of curing
 w - 2 potions of ambrosia
 z - a potion of invisibility {unknown}
 A - 9 potions of mutation
 C - 5 potions of heal wounds
 F - 4 potions of cancellation
Miscellaneous
 u - a phantom mirror
 P - a lightning rod (3/4)


   Skills:
 + Level 17.7 Fighting
 * Level 18.3 Polearms
 + Level 12.1 Dodging
 - Level 2.1 Stealth
 - Level 3.4 Shields
 - Level 10.0 Spellcasting
 - Level 4.0 Conjurations
 - Level 10.0 Transmutations
 + Level 18.0 Ice Magic
 + Level 3.4 Evocations


You had 8 spell levels left.
You knew the following spells:

 Your Spells              Type           Power      Damage    Failure   Level
a - Irradiate             Conj/Tmut      20%        3d18      1%          5
b - Frozen Ramparts       Ice            100%       1d16      0%          3
c - Ozocubu's Armour      Ice            74%        N/A       0%          3
d - Ozocubu's Refrigerat  Ice            37%        4d15      1%          7
e - Polar Vortex          Ice            37%        N/A       34%         9
f - Freeze                Ice            100%       1d10      0%          1

Your spell library contained the following spells:

 Spells                   Type           Power      Damage    Failure   Level
 Starburst                Conj/Fire      9%         6d5       36%         6
 Magic Dart               Conj           100%       1d8       1%          1
 Ensorcelled Hibernation  Hex/Ice        100%       N/A       1%          2
 Passwall                 Tmut/Erth      27%        N/A       1%          2
 Searing Ray              Conj           56%        2d6       1%          2
 Summon Ice Beast         Ice/Summ       50%        N/A       1%          4
 Blade Hands              Tmut           26%        N/A       1%          5
 Slow                     Hex            44%        N/A       2%          1
 Volatile Blastmotes      Fire/Tloc      22%        2d11      2%          3
 Cigotuvi's Dreadful Rot  Necr/Pois/Air  22%        N/A       3%          2
 Sublimation of Blood     Necr           11%        N/A       3%          2
 Fulminant Prism          Conj/Hex       9%         3d7       3%          4
 Iskenderun's Mystic Bla  Conj/Tloc      19%        2d6       3%          4
 Petrify                  Tmut/Erth      33%        N/A       3%          4
 Confusing Touch          Hex            11%        N/A       8%          3
 Swiftness                Air            11%        N/A       8%          3
 Vampiric Draining        Necr           11%        2d6       8%          3
 Vhi's Electric Charge    Tloc/Air       22%        N/A       8%          3
 Arcjolt                  Conj/Air       9%         1d19      9%          5
 Simulacrum               Ice/Necr       25%        N/A       9%          6
 Lee's Rapid Deconstruct  Erth           5%         3d6*      17%         5
 Animate Armour           Summ/Erth      22%        N/A       24%         4
 Cause Fear               Hex            5%         N/A       24%         4
 Dispel Undead            Necr           11%        3d9       24%         4
 Leda's Liquefaction      Hex/Erth       5%         N/A       24%         4
 Dragon Form              Tmut           26%        N/A       32%         7
 Iron Shot                Conj/Erth      9%         9d3       36%         6
 Statue Form              Tmut/Erth      22%        N/A       41%         6
 Death Channel            Necr           5%         N/A       97%         6
 Maxwell's Capacitive Co  Air            5%         ∞         100%        8
 Chain Lightning          Conj/Air       9%         3d12      100%        9
 Dragon's Call            Summ           5%         N/A       100%        9
 Fire Storm               Conj/Fire      9%         8d3       100%        9
 Shatter                  Erth           5%         3d8*      100%        9


Dungeon Overview and Level Annotations

Branches:
Dungeon (15/15)            Temple (1/1) D:4            Lair (5/5) D:9
  Swamp (4/4) Lair:3        Snake (0/4) Lair:3        Slime (0/5) Lair:5
    Orc (2/2) D:12            Elf (2/3) Orc:2        Vaults (0/5) D:13
 Depths (0/4) D:15

Altars:
Ashenzari
Cheibriados
Dithmenos
Elyvilon
Fedhas
Gozag
Hepliaklqana
Kikubaaqudgha
Makhleb
Nemelex Xobeh
Okawaru
Qazlal
Ru
Sif Muna
Trog
Uskayaw
Vehumet
Wu Jian
Xom
Yredelemnul
Zin
The Shining One
Jiyva

Shops:
D:6 :   D:11 *   Orc:2 [=([   Elf:2 :==*

Annotations:
D:4 2 transporters, rozman's ghost, amateur MiMo
D:6 1 runed translucent door, Crazy Yiuf
D:10 3 runed translucent doors
Lair:4 1 runed translucent door, Rizzler's ghost, journeyman DsEE
Swamp:3 2 transporters, Xoptyose's ghost, journeyman DEFE
Orc:1 3 runed translucent doors, exclusion: obsidian statue, turdburglar's ghost, adept TrFi
Elf:2 3 runed translucent doors


Innate Abilities, Weirdness & Mutations

((You are very nimble when in or above water. (Stealth+, EV+, Speed+++)))
Your lower body shifts to a powerful aquatic tail in water.
Your magical capacity is low. (-10% MP)


Message History

You can move again.
Unknown command.
Unknown command.
Unknown command.
Unknown command.
Unknown command.
Unknown command.
You feel much better.
You feel extremely sick.
The vampire knight casts a spell at you.
You shrug off the repeated paralysis!
The vampire knight completely misses you.
Unknown command.
Unknown command.
Unknown command.
Aiming: Thunderbolt
Press: ? - help, Shift-Dir - straight line, f/p - vampire knight
Aim: a vampire knight, wielding a +1 glaive of venom and wearing a +0 plate armour (severely damaged, fast)
The thunderbolt hits the vampire knight!
The vampire knight is severely damaged.
The thunderbolt hits the spectral six-headed hydra!!
The spectral six-headed hydra is heavily damaged.
You feel extremely sick.
The vampire knight splashes around in the water.
You feel better. The vampire knight closely misses you.
The vampire knight misses you.
Unknown command.
Casting: Ozocubu's Refrigeration (mildly dangerous; 1% risk of failure)
Confirm with . or Enter, or press ? or * to list all spells.
The heat is drained from your surroundings.
The vampire knight resists.
The vampire knight is almost destroyed.
The spectral six-headed hydra resists.
The spectral six-headed hydra is severely damaged.
The vampire knight hits you from afar with a +1 glaive of venom!!
* * * LOW HITPOINT WARNING * * *
The vampire knight hits you from afar with a +1 glaive of venom!
* * * LOW HITPOINT WARNING * * *
The vampire knight hits you from afar with a +1 glaive of venom!!
You die...

#~~.~~~~~~~~~~~.~.~.~~~
##♣♣♣.~§~♣..~~~.....♣♣♣
♣♣♣♣♣♣♣.§)~...♣♣♣ ♣♣♣♣
♣)~[~§~~.♣♣ ♣.~♣♣♣.~~~§~~~.♣♣
#♣♣♣♣.....~~~~~~...~♣
#.~♣♣~~§~.~~~~~....♣♣
#~~.<~....~~~.♣.~.♣♣
##[~~~@.~~~~~~~~...~♣♣
###~~~~~~.♣♣...~~~~....♣
#.♣♣~♣♣♣V♣♣~~~~~♣♣~♣~.♣♣
♣♣..~~♣.Z~♣♣~~~.♣~.....♣♣ ~
♣♣.~...♣..♣♣.......~~...♣ ~
♣#♣♣♣.~~~~......≈≈≈≈≈....♣.♣♣
.
##.~♣..~...~..~.≈≈≈≈≈≈≈..♣♣♣♣
♣#~~§♣♣~♣~...)♣..≈≈≈≈≈≈≈≈.♣♣
♣~~~♣~...~...♣♣♣≈≈≈≈≈≈≈≈≈≈.♣


You could see a vampire knight (fast) and a spectral six-headed hydra.

Vanquished Creatures
  Gastronok (Lair:1)
  A thorn hunter (Swamp:4)
  A deep elf elementalist (Elf:2)
  3 ghouls (Swamp:4)
  An orc warlord (Orc:2)
  Azrael (Elf:2)
  An eleionoma (Swamp:2)
  3 bunyips
  A vampire knight (Swamp:4)
  A fire dragon (D:10)
  An ettin (D:15)
  A deep elf death mage (Elf:2)
  A shambling mangrove (Swamp:3)
  Josephine (D:13)
  A deep elf high priest (Elf:1)
  6 centaur warriors
  15 hydras
  10 alligators
  2 catoblepae
  A ghost crab (Swamp:2)
  2 boulder beetles
  A deep troll shaman (Lair:5)
  7 two-headed ogres
  9 death yaks
  5 dancing weapons
  4 tengu warriors
  Urug (Orc:1)
  3 orc high priests
  Sonja (Lair:4)
  3 deep elf knights (Elf:1)
  3 skeletal warriors (D:14)
  3 goliath frogs
  2 spriggan druids (Swamp:1)
  A lindwurm (Lair:5)
  9 swamp dragons
  A phantasmal warrior (Swamp:4)
  13 deep elf archers
  Pikel (D:7)
  A large abomination (Lair:4)
  3 orc knights
  14 deep elf zephyrmancers
  16 deep elf pyromancers
  2 bog bodies
  2 necromancers (D:15)
  A manticore (shapeshifter) (D:13)
  An orc sorcerer (Orc:1)
  18 ugly things
  7 cyclopes
  2 manticores (D:13)
  3 will-o-the-wisps
  17 elephants
  7 centaur zombies (D:10)
  Joseph (D:8)
  2 black mambas
  2 torpor snails
  9 cane toads
  2 unseen horror zombies (D:10)
  A gargoyle (D:11)
  A freezing wraith (Swamp:4)
  Psyche (D:8)
  11 komodo dragons
  2 kobold demonologists (D:12)
  A rime drake (Lair:2)
  3 hydra zombies (Swamp:4)
  2 polar bears
  A meliai (shapeshifter) (D:15)
  A bloated husk (Swamp:2)
  5 trolls
  A hornet (shapeshifter) (D:13)
  21 hornets
  Grinder (D:6)
  7 tyrant leeches
  3 hydra skeletons (Swamp:4)
  3 dream sheep (Lair:5)
  Sigmund (D:4)
  42 yaks
  2 vampires
  14 spriggans
  An air elemental (Elf:2)
  12 slime creatures
  7 wraiths
  Eustachio (D:6)
  4 wyverns
  A hog (shapeshifter) (D:13)
  Grum (D:8)
  3 basilisks
  4 fire elementals
  7 vampire mosquitoes
  2 steam dragons
  2 wargs
  19 swamp worms
  3 nagas (Lair:3)
  A swamp worm (shapeshifter) (Elf:2)
  Edmund (D:4)
  3 hell hounds (Elf:2)
  4 hydra simulacra (Swamp:4)
  14 water moccasins
  An acid dragon (D:11)
  A floating eye (shapeshifter) (D:13)
  36 orc warriors
  8 swamp drakes
  A sky beast (D:6)
  3 ice beasts (D:8)
  A black bear (shapeshifter) (D:14)
  6 black bears
  A swamp dragon zombie (Swamp:4)
  5 ogres
  13 wolves
  2 lemures (D:7)
  17 centaurs
  2 swamp dragon skeletons (Swamp:4)
  2 phantoms
  3 kobold brigands
  2 necrophages (Swamp:4)
  A gnoll sergeant (D:13)
  7 bullfrogs
  4 earth elementals
  3 scorpions
  5 wights (D:9)
  9 killer bees
  An electric eel (Lair:4)
  2 jellies
  A gnoll bouda (D:10)
  18 orc priests
  3 hounds
  3 iguanas
  26 orc wizards
  A howler monkey zombie (D:10)
  11 gnolls
  4 adders
  2 white imps
  A worm (D:3)
  2 dart slugs
  86 orcs
  8 endoplasms
  2 giant cockroaches
  10 goblins
  7 hobgoblins
  20 kobolds
  4 quokkas
  8 ball pythons
  3 bats
  4 frilled lizards
  2 rats
808 creatures vanquished.

Vanquished Creatures (others)
  An alligator (Swamp:1)
  8 foxfires
9 creatures vanquished.

Grand Total: 817 creatures vanquished

Notes
Turn   | Place    | Note
-------+----------+-------------------------------------------
     0 | D:1      | safid the Merfolk Ice Elementalist began the quest for the
                  | Orb.
     0 | D:1      | Reached XP level 1. HP: 13/13 MP: 3/3
   241 | D:1      | Reached XP level 2. HP: 20/20 MP: 3/5
   316 | D:1      | Reached skill level 1 in Fighting
   686 | D:2      | Reached XP level 3. HP: 23/26 MP: 6/6
   698 | D:2      | Learned a level 3 spell: Frozen Ramparts
   931 | D:2      | Identified the +1 robe of Thoughtfulness {rC++ Regen+}
  1655 | D:3      | Found a shimmering blue altar of Sif Muna.
  1746 | D:3      | Found a faded altar of an unknown god.
  1767 | D:3      | Reached skill level 5 in Ice Magic
  1782 | D:3      | Identified the +4 short sword "Bimodghu" {spect, rC++ rCorr
                  | Int-2 Stlth+}
  1891 | D:3      | Learned a level 3 spell: Ozocubu's Armour
  1911 | D:3      | Reached XP level 4. HP: 33/33 MP: 8/8
  2131 | D:3      | Found a broken altar of Ashenzari.
  2149 | D:4      | Found a staircase to the Ecumenical Temple.
  2164 | Temple   | Entered the Ecumenical Temple
  2500 | D:4      | Found a transporter.
  2502 | D:4      | Noticed rozman's ghost (amateur MiMo)
  2507 | D:4      | Reached XP level 5. HP: 39/39 MP: 5/9
  3280 | D:4      | Reached XP level 6. HP: 47/47 MP: 11/11
  3370 | D:4      | Noticed Sigmund
  3389 | D:4      | Killed Sigmund
  3430 | D:4      | Noticed Edmund
  3471 | D:4      | Killed Edmund
  3472 | D:4      | Reached XP level 7. HP: 15/53 MP: 3/12
  3685 | D:4      | Found a transporter.
  3857 | D:5      | Entered Level 5 of the Dungeon
  3858 | D:5      | Found a glowing golden altar of the Shining One.
  3874 | D:5      | Reached skill level 5 in Dodging
  4018 | D:5      | Found a white marble altar of Elyvilon.
  4159 | D:5      | Found a radiant altar of Vehumet.
  4165 | D:5      | Became a worshipper of Vehumet
  4166 | D:5      | Identified the ring "Bevahar" {Contam rCorr Int+5 Dex+3}
  4300 | D:5      | Identified the +1 leather armour of Servitude {Int+5}
  4496 | D:5      | Reached XP level 8. HP: 36/61 MP: 10/14
  4811 | D:6      | Found a runed translucent door.
  4812 | D:6      | Noticed Crazy Yiuf
  4870 | D:6      | Reached skill level 5 in Fighting
  4932 | D:6      | Found the +1 Delatra's gloves {ID++}
  4986 | D:6      | Noticed Grinder
  4998 | D:6      | Killed Grinder
  4999 | D:6      | Reached skill level 5 in Spellcasting
  5180 | D:6      | Identified the +3 ring mail of the Depths {Str+3}
  5536 | D:6      | Noticed Eustachio
  5548 | D:6      | Killed Eustachio
  5549 | D:6      | Reached XP level 9. HP: 68/69 MP: 10/17
  5794 | D:6      | Found Jiul Waz's Book Emporium.
  6126 | D:7      | Reached * piety under Vehumet
  6126 | D:7      | Offered knowledge of Kiss of Death by Vehumet.
  6440 | D:7      | Noticed Pikel
  6450 | D:7      | Killed Pikel
  6465 | D:7      | Noticed a troll
  6474 | D:7      | Killed a troll
  6475 | D:7      | Reached XP level 10. HP: 78/80 MP: 13/20
  6577 | D:7      | Found a shadowy altar of Dithmenos.
  6782 | D:8      | Reached ** piety under Vehumet
  6782 | D:8      | Offered knowledge of Foxfire by Vehumet.
  7130 | D:8      | Noticed Grum
  7141 | D:8      | Killed Grum
  7145 | D:8      | Reached skill level 1 in Shields
  7201 | D:8      | Noticed Joseph
  7214 | D:8      | Killed Joseph
  7268 | D:8      | Noticed Psyche
  7277 | D:8      | Killed Psyche
  7290 | D:8      | Reached skill level 10 in Ice Magic
  7968 | D:9      | Found the +5 Lochaber axe {reach-cleave, Poleaxe Drain}
  8069 | D:9      | Found a staircase to the Lair.
  8129 | D:9      | Reached skill level 1 in Polearms
  8198 | D:9      | Reached XP level 11. HP: 63/89 MP: 23/23
  8565 | D:10     | Entered Level 10 of the Dungeon
  8565 | D:10     | Noticed a two-headed ogre
  8606 | D:10     | Paralysed by a hornet for 2 turns
  8607 | D:10     | Noticed a two-headed ogre
  8612 | D:10     | Killed a two-headed ogre
  8613 | D:10     | Reached skill level 10 in Fighting
  8675 | D:10     | Found an ornate altar of the Wu Jian Council.
  8675 | D:10     | Found a runed translucent gate.
  8675 | D:10     | Noticed a red ugly thing
  8676 | D:10     | Found a runed translucent gate.
  8676 | D:10     | Noticed a green ugly thing
  8678 | D:10     | Found a runed translucent gate.
  8684 | D:10     | Noticed a red ugly thing
  8686 | D:10     | Noticed a red ugly thing
  8688 | D:10     | Noticed a glowing orange brain
  8688 | D:10     | Noticed a green ugly thing
  8725 | D:10     | Found a hide-covered altar of Uskayaw.
  8756 | D:10     | Killed a two-headed ogre
  8757 | D:10     | Reached skill level 5 in Polearms
  8873 | D:10     | Offered knowledge of Mephitic Cloud by Vehumet.
  8987 | D:10     | Noticed a fire dragon
  9029 | D:10     | Killed a fire dragon
  9338 | D:10     | Found a basalt altar of Yredelemnul.
  9409 | D:10     | Reached *** piety under Vehumet
  9530 | Lair:1   | Entered Level 1 of the Lair of Beasts
  9548 | Lair:1   | Reached XP level 12. HP: 100/100 MP: 20/24
  9827 | Lair:1   | Offered knowledge of Flame Wave by Vehumet.
  9939 | Lair:1   | Noticed Gastronok
  9952 | Lair:1   | Killed Gastronok
 10361 | Lair:1   | Reached skill level 10 in Polearms
 10613 | Lair:2   | Noticed a catoblepas
 10631 | Lair:2   | Killed a catoblepas
 10884 | Lair:2   | Reached XP level 13. HP: 109/109 MP: 25/25
 10953 | Lair:2   | Reached **** piety under Vehumet
 11538 | Lair:3   | Found a staircase to the Snake Pit.
 11712 | Lair:3   | Offered knowledge of Lee's Rapid Deconstruction by Vehumet.
 11962 | Lair:3   | Found a staircase to the Swamp.
 12479 | Lair:4   | Noticed Sonja
 12485 | Abyss:1  | Cast into level 1 of the Abyss (Sonja)
 12520 | Abyss:1  | Found a corrupted altar of Lugonu.
 12520 | Abyss:1  | Found a corrupted altar of Lugonu.
 12520 | Abyss:1  | Found a corrupted altar of Lugonu.
 12562 | Abyss:1  | Noticed a green very ugly thing
 12583 | Abyss:1  | Identified a scroll of acquirement
 12585 | Abyss:1  | Acquired a book of Ice
 12596 | Abyss:1  | Learned a level 7 spell: Ozocubu's Refrigeration
 12606 | Abyss:1  | Learned a level 9 spell: Polar Vortex
 12654 | Lair:4   | Escaped the Abyss
 12656 | Lair:4   | Killed Sonja
 12735 | Lair:4   | Found a runed translucent door.
 13107 | Lair:4   | Noticed Rizzler's ghost (journeyman DsEE)
 13625 | Lair:4   | Identified the +2 spear of the Forest {venom, *Corrode
                  | rElec rPois rF++}
 13784 | D:6      | Bought a book of Alchemy for 420 gold pieces
 13790 | D:6      | Learned a level 5 spell: Irradiate
 14067 | Lair:5   | Entered Level 5 of the Lair of Beasts
 14192 | Lair:5   | Reached skill level 1 in Transmutations
 14205 | Lair:5   | Reached skill level 1 in Conjurations
 14618 | Lair:5   | Reached ***** piety under Vehumet
 14620 | Lair:5   | Reached XP level 14. HP: 119/120 MP: 26/26
 14653 | Lair:5   | Offered knowledge of Yara's Violent Unravelling by Vehumet.
 15419 | Lair:5   | Found a staircase to the Slime Pits.
 15420 | Lair:5   | Found a viscous altar of Jiyva.
 15694 | D:11     | Found Giexuusch's Assorted Antiques.
 15737 | D:11     | Bought a masterwork cloak for 190 gold pieces
 15737 | D:11     | Identified the +0 cloak "Junwaf" {rPois MP+9 Dex+3} (You
                  | bought it in a shop on level 11 of the Dungeon)
 15737 | D:11     | Bought a scroll of enchant armour for 150 gold pieces
 15737 | D:11     | Bought a scroll of identify for 40 gold pieces
 15737 | D:11     | Bought a scroll of noise for 20 gold pieces
 15845 | D:11     | Found a glowing golden altar of the Shining One.
 15888 | D:11     | Reached skill level 15 in Ice Magic
 16597 | D:12     | Found a staircase to the Orcish Mines.
 16661 | D:12     | Identified the +1 whip "Secocs" {heavy, Will+}
 16817 | D:12     | Reached skill level 5 in Transmutations
 17231 | Orc:1    | Entered Level 1 of the Orcish Mines
 17383 | Orc:1    | Offered knowledge of Spellforged Servitor by Vehumet.
 17593 | Orc:2    | Entered Level 2 of the Orcish Mines
 17618 | Orc:2    | Reached skill level 10 in Dodging
 17847 | Orc:2    | Found Vepaca's Jewellery Shop.
 18259 | Orc:2    | Noticed an orc warlord
 18291 | Orc:2    | Killed an orc warlord
 18412 | Orc:2    | Offered knowledge of Freezing Cloud by Vehumet.
 18427 | Orc:2    | Found Icoxuuc's Antique Weapon Boutique.
 18429 | Orc:2    | Found Reigup's Antique Armour Shop.
 18566 | Orc:2    | Found a staircase to the Elven Halls.
 18762 | Orc:2    | Found Souhi's Antique Armour Emporium.
 18770 | Orc:2    | Bought a pair of crude boots for 323 gold pieces
 18770 | Orc:2    | Identified the +2 pair of boots of Wubbom {rCorr} (You
                  | bought it in a shop on level 2 of the Orcish Mines)
 18882 | Orc:1    | Noticed Urug
 18887 | Orc:1    | Reached XP level 15. HP: 127/127 MP: 24/27
 18890 | Orc:1    | Killed Urug
 19001 | Orc:1    | Found a runed translucent gate.
 19002 | Orc:1    | Found a runed translucent gate.
 19002 | Orc:1    | Found an opulent altar of Gozag.
 19003 | Orc:1    | Found a runed translucent gate.
 19135 | Orc:1    | Noticed turdburglar's ghost (adept TrFi)
 19263 | Orc:2    | Bought the ring of Duedofy {Fly rF+ Str+4} for 399 gold
                  | pieces
 19275 | Orc:2    | Gained mutation: Your magical capacity is low. (-10% MP)
                  | [mutagenic glow]
 19380 | Elf:1    | Entered Level 1 of the Elven Halls
 19525 | Elf:1    | Reached skill level 15 in Fighting
 20399 | Elf:1    | Offered knowledge of Plasma Beam by Vehumet.
 20754 | Elf:2    | Found Eczuobiesh's Jewellery Shop.
 20767 | Elf:2    | Found Jacow's Book Shoppe.
 20856 | Elf:2    | Found Tonehes's Jewellery Shop.
 21134 | Elf:2    | Identified the +4 battleaxe "Plog" {drain, Str+2}
 21141 | Elf:2    | Found a runed translucent gate.
 21141 | Elf:2    | Found a runed translucent gate.
 21141 | Elf:2    | Found a runed translucent gate.
 21205 | Elf:2    | Identified the +10 mace of Fatigue {vamp, rElec rF+ rN+}
 21228 | Elf:2    | Noticed a deep elf elementalist
 21241 | Elf:2    | Killed a deep elf elementalist
 21242 | Elf:2    | Reached skill level 15 in Polearms
 21404 | Elf:2    | Identified the +1 robe "Ypliur Emya" {Rampage}
 21423 | Elf:2    | Noticed Azrael
 21432 | Elf:2    | Killed Azrael
 21483 | Elf:2    | Found Xigoudots's Assorted Antiques.
 21490 | Elf:2    | Identified the +0 cloak of Crawling {Regen+ Int-5 Dex+8
                  | Stlth+}
 21496 | Elf:2    | Bought a scroll of identify for 62 gold pieces
 21496 | Elf:2    | Bought a potion of heal wounds for 155 gold pieces
 21898 | D:13     | Reached XP level 16. HP: 124/136 MP: 26/26
 22049 | D:13     | Noticed Josephine
 22055 | D:13     | Killed Josephine
 22862 | D:13     | Found a gate to the Vaults.
 23657 | D:14     | Identified the +1 quarterstaff of Merphygh {flame, rPois
                  | Dex+2}
 23830 | D:14     | Found a hazy altar of Hepliaklqana.
 24340 | D:15     | Entered Level 15 of the Dungeon
 24358 | D:15     | Reached skill level 10 in Spellcasting
 24839 | D:15     | Reached ****** piety under Vehumet
 25067 | D:15     | Found a staircase to the Depths.
 25536 | Swamp:1  | Entered Level 1 of the Swamp
 25553 | Swamp:1  | Offered knowledge of Iskenderun's Battlesphere by Vehumet.
 25839 | Swamp:1  | Reached skill level 10 in Transmutations
 26280 | Swamp:1  | Reached XP level 17. HP: 146/146 MP: 25/27
 26832 | Swamp:2  | Acquired 460 gold pieces
 28271 | Swamp:3  | Found a bloodstained altar of Trog.
 28273 | Swamp:3  | Noticed Xoptyose's ghost (journeyman DEFE)
 28278 | Swamp:3  | Found a transporter.
 28433 | Swamp:3  | Found a transporter.
 28866 | Swamp:4  | Entered Level 4 of the Swamp
 28894 | Swamp:4  | Reached skill level 1 in Evocations
 29025 | Swamp:4  | Offered knowledge of Eringya's Noxious Bog by Vehumet.
 29546 | Swamp:4  | Paralysed by a vampire knight for 4 turns
 30116 | Swamp:4  | Offered knowledge of Starburst by Vehumet.
 30369 | Swamp:4  | Paralysed by something for 2 turns
 30377 | Swamp:4  | Paralysed by something for 4 turns
 30656 | Elf:2    | Bought the ring of the Hurting Hero {Wiz rCorr SInv} for
                  | 514 gold pieces
 30955 | Swamp:4  | Paralysed by a vampire knight for 2 turns
 30961 | Swamp:4  | Mangled by a vampire knight

Illustrated notes

Levels and vault maps discovered:
D:1:      scummos_arrival_forest, layout_basic, minmay_misc_feat_plants
D:2:      layout_basic, serial_aquarium, aquarium_bridge_long_joined
          [aquarium_subvault_bridge, aquarium_subvault_balcony,
          aquarium_subvault_bridge, aquarium_subvault_wall,
          aquarium_subvault_wall, aquarium_subvault_wall],
          aquarium_bridge_straight [aquarium_subvault_bridge,
          aquarium_subvault_window, aquarium_subvault_bridge,
          aquarium_subvault_window], aquarium_window_2, aquarium_window_fake,
          aquarium_view_2e, aquarium_view_2d, corexii_corridor_pit,
          kennysheep_pointless_box, serial_bayou_lagoon_a
D:3:      layout_basic, lemuel_crystal_altar, nicolae_overflow_ecumenical_swirl,
          chequers_serial_rivers_room_a
D:4:      minmay_razor_zed, layout_layer_cave, temple_fountains,
          gammafunk_ghost_mausoleum, minmay_crystal_room, minmay_door_square,
          sigmund_edmund_badplayer
D:5:      layout_loops_ring, nicolae_vehumet_altar_sigil,
          grunt_temple_overflow_open, corexii_item_surrounded_by_moat
D:6:      layout_loops_corners, serial_shops, shop, pf_guarded_unrand_delatra,
          uniq_edmund, uniq_crazy_yiuf_cottage, uniq_eustachio, uniq_grinder
D:7:      layout_rooms, mainiacjoe_overflow_alcove_2, chequers_avenue,
          uniq_pikel
D:8:      layout_loops_ring, nrook_mini_backslash, minivault_1, uniq_psyche,
          uniq_grum, uniq_joseph
D:9:      layout_loops_ring, grunt_lair_entry_orc_guard_hut
D:10:     layout_rooms, mainiacjoe_overflow_paths,
          pdpol_wu_jian_five_deadly_venoms, nicolae_yredelemnul_corpse_copse,
          ploomutoo_gammafunk_ghost_potion_laboratory, serial_curves,
          eino_curves_04, eino_curves_01, minivault_23, kennysheep_just_a_vault
D:11:     layout_stronghold, serial_shops, nicolae_stop_n_shop_1,
          tso_oasis_becter
D:12:     layout_roguey, orc_0_dummy, worms_lemuel
D:13:     layout_stronghold, david_vaults_2, uniq_josephine
D:14:     layout_loops_corners, nzn_hepliaklqana_mist_gate
D:15:     hangedman_depths_entry_civil_slaughter, layout_stronghold,
          feat_on_display
Temple:   oiseaux_autumnal_temple
Lair:1:   layout_concentric_octagons, beast_lair_carwin_8, uniq_gastronok
Lair:2:   layout_concentric_octagons
Lair:3:   layout_loops_ring, swamp_mist, guppyfry_snake_entry_island
Lair:4:   layout_regular_city, ebering_ghost_funeral_grove,
          nicolae_quartered_pool_little, grunt_forest_small_clearing_treed,
          lemuel_fruit_tree, serial_bayou_shore_b, grunt_megastairs_5,
          uniq_sonja
Lair:5:   grunt_lair_end_beastmaster, layout_regular_city,
          nicolae_slime_entry_slimehenge, columned_hall_lemuel
Swamp:1:  layout_basic_swamp, hangedman_swamp_ruin_hall, swamp_pool2,
          infiniplex_staircase_pool_2
Swamp:2:  layout_falls_marsh, evilmike_swamp_ruin_rubble_2
Swamp:3:  layout_falls_marsh, gammafunk_ghost_wrathful_warriors,
          nicolae_swamp_some_circles, swamp_pool2
Swamp:4:  byrel_swamp_growth_death_and_undeath, layout_basic_swamp,
          infiniplex_staircase_pool
Orc:1:    layout_caves, basic_altar, ebering_ghost_gozag, kennysheep_orc_chapel,
          uniq_urug
Orc:2:    grunt_orc_community_town_hall, layout_caves,
          grunt_orc_community_big_house_1, grunt_orc_community_big_house_1,
          grunt_orc_community_house_1, grunt_orc_community_house_1,
          grunt_orc_community_house_1, grunt_orc_community_house_3
Elf:1:    eino_elf_arrival_shootout, layout_loops_cross,
          kennysheep_underground_church
Elf:2:    elven_hall_of_blades_hangedman_original [mumra_blade_entry_bloodbath],
          layout_geoelf_diagonals, serial_shops, nicolae_shop_peninsula,
          minmay_shop_grove, uniq_azrael

Skill      XL: |  1  2  3  4  5  6  7  8  9 10 11 12 13 14 15 16 17 |
---------------+----------------------------------------------------+-----
Fighting       | 1 2 3 4 6 7 9 11 12 14 15 16 17 | 17.7
Ice Magic      | 5 6 7 9 10 12 13 14 15 16 17 18 | 18.0
Dodging        | 3 4 5 7 8 10 12 | 12.1
Spellcasting   | 3 4 5 7 8 9 10 | 10.0
Shields        | 3 |  3.4
Polearms       | 1 7 10 12 14 15 16 18 | 18.3
Transmutations | 3 6 9 10 | 10.0
Conjurations   | 1 4 |  4.0
Evocations     | 3 |  3.4
Stealth        | |  2.1

Action                     |  1- 3 |  4- 6 |  7- 9 | 10-12 | 13-15 | 16-18 || total
---------------------------+-------+-------+-------+-------+-------+-------++-------
  Melee: Dagger            |    82 |       |       |       |       |       ||    82
         Short sword       |     2 |   105 |   126 |    90 |       |       ||   323
         Punch             |       |     1 |     2 |       |       |       ||     3
         Lochaber axe      |       |       |       |   218 |   492 |   383 ||  1093
         Tailslap          |       |       |       |     1 |     2 |       ||     3
  Throw: Dart              |       |       |       |     1 |       |       ||     1
   Cast: Freeze            |    13 |       |     4 |     4 |       |       ||    21
         Frozen Ramparts   |       |     6 |    20 |    40 |    68 |    24 ||   158
         Ozocubu's Armour  |       |     2 |    13 |    36 |    37 |    30 ||   118
         Ozocubu's Refrige |       |       |       |       |   110 |   167 ||   277
         Irradiate         |       |       |       |       |     8 |    16 ||    24
  Evoke: Wand              |       |       |       |       |       |     1 ||     1
         Lightning rod     |       |       |       |       |       |     1 ||     1
    Use: Potion            |     1 |       |       |     1 |     3 |     3 ||     8
         Scroll            |       |       |     4 |    11 |    12 |    12 ||    39
   Stab: Sleeping          |     1 |     8 |     6 |     1 |     5 |     6 ||    27
         Distracted        |       |     2 |       |     2 |     1 |     1 ||     6
         Petrified         |       |       |       |       |    12 |       ||    12
         Petrifying        |       |       |       |       |     5 |       ||     5
 Armour: Robe              |    18 |    16 |    32 |   217 |   179 |   287 ||   749
  Dodge: Dodged            |    64 |    43 |    91 |   458 |   424 |   574 ||  1654
  Block: Buckler           |       |       |       |    13 |       |       ||    13
         Other             |       |       |       |       |    59 |    34 ||    93
         Reflection        |       |       |       |       |     5 |     5 ||    10
